 Dungeon Sprint DCSS version 0.26-a0-259-g1effd001a9 (webtiles) character file.

Game seed: 7526401327491513650

53 Apogee the Cleaver (level 3, -4/37 HPs)
             Began as a Hill Orc Fighter on July 17, 2020.
             Slain by a water elemental (14 damage)
             ... in the Dungeon (Sprint III: "The Ten Rune Challenge").
             The game lasted 00:01:09 (649 turns).

Apogee the Cleaver (Hill Orc Fighter)                Turns: 649, Time: 00:01:09

Health: -4/37      AC:  6    Str: 18 (19) XL:     3   Next: 87%
Magic:  3/3        EV:  9    Int:  5 (8)  God:
Gold:   23         SH:  0    Dex:  7 (10) Spells: 2/2 levels left

rFire    . . .     SeeInvis .   a - +0 war axe
rCold    . . .     Faith    .   (no shield)
rNeg     . . .     Spirit   .   b - +0 scale mail
rPois    .         Reflect  .   (no helmet)
rElec    .         Harm     .   (no cloak)
rCorr    .         NoTele   +   (no gloves)
MR       .....                  (no boots)
Stlth    ..........             (no amulet)
HPRegen  0.12/turn              (no ring)
MPRegen  0.08/turn              (no ring)

@: engulfed (cannot breathe)
A: no striking features
a: no special abilities


You were in the Dungeon.
You were not hungry.

You visited 1 branch You collected 23 gold pieces.

Inventory:

Hand Weapons
 a - a +0 war axe (weapon)
Armour
 b - a +0 scale mail (worn)
 c - a +0 kite shield
Scrolls
 k - 2 scrolls of blinking
 n - a scroll of identify
 o - 3 scrolls of remove curse
Potions
 d - a potion of might
 e - a potion of curing
 g - a potion of heal wounds
 h - a potion of haste
 i - 2 potions of magic
 j - a potion of berserk rage
 l - 5 potions of mutation
 r - 2 potions of flight
Comestibles
 f - 6 rations


   Skills:
 + Level 6.1 Fighting
 * Level 8.0 Axes
 - Level 3.4 Armour
 - Level 3.4 Shields


You had 2 spell levels left.
You didn't know any spells.
Your spell library was empty.

Dungeon Overview and Level Annotations

Branches:
Dungeon (1/1)

Altars:


Message History

You swing at nothing.
The water elemental hits you.
The water elemental engulfs you in water!
You hit the water elemental.
The water elemental is lightly damaged.
Your lungs strain for air!
The water elemental completely misses you.
You hit the water elemental.
The water elemental is moderately damaged.
Your lungs strain for air!
The water elemental closely misses you.
You hit the water elemental.
The water elemental is moderately damaged.
Your lungs strain for air!
The water elemental hits you.
You hit the water elemental.
The water elemental is heavily damaged.
* * * LOW HITPOINT WARNING * * *
Your lungs strain for air!
The water elemental hits you!
You die...

▓▓▓▓▓▓▓▓ ▓▓▓ <..#...####
##.# ...#......#####..#
..##.......#..#..#
##.##.##...#..#..# #+#+#
##.##.###..##'#..#......
#.####[##..###..@E.⌠....
.###..##..####...#...###
#..†..##..###....# ⌠.#
###..##...##.....# .#
##..##....#......# #
#..###..##÷#.....# #..#
#..#####....# ▓▓▓▓ ▓▓▓▓
▓▓▓▓▓▓


You could see a water elemental.

Vanquished Creatures
  Jessica (D)
  A human (D)
  An ooze (D)
  A phantom (D)
  A rat (D)
5 creatures vanquished.

Notes
Turn   | Place    | Note
-------+----------+-------------------------------------------
     0 | D        | Apogee the Hill Orc Fighter began the quest for the Orb.
     0 | D        | Reached XP level 1. HP: 19/19 MP: 1/1
    19 | D        | Reached skill level 4 in Axes
   136 | D        | Noticed Jessica
   147 | D        | Killed Jessica
   147 | D        | Reached skill level 5 in Fighting
   147 | D        | Reached skill level 6 in Axes
   147 | D        | Reached XP level 2. HP: 24/29 MP: 2/2
   147 | D        | Reached XP level 3. HP: 30/36 MP: 3/3
   231 | D        | Reached skill level 7 in Axes
   385 | D        | Reached skill level 8 in Axes
   644 | D        | Noticed a water elemental
   649 | D        | Slain by a water elemental

Illustrated notes

Levels and vault maps discovered:
D:        dungeon_sprint_mu [sprint_mu_entry_cave, sprint_mu_temple_rooms,
          sprint_mu_d1_spiders, sprint_mu_d2_genie, sprint_mu_d3_branching,
          sprint_mu_orc_legion, sprint_mu_elf_gauntlet, sprint_mu_hive_nellie,
          sprint_mu_lair_fedhas, sprint_mu_vaults_butterflies,
          sprint_mu_slime_circle, sprint_mu_shoals_archi,
          sprint_mu_snake_twists, sprint_mu_blade_basic,
          sprint_mu_crypt_chambers, sprint_mu_tomb_spiral,
          sprint_mu_vestibule_basic, sprint_mu_gehenna_hellfire,
          sprint_mu_dis_giant, sprint_mu_tartarus_statrot,
          sprint_mu_cocytus_islands, sprint_mu_zot1]

Skill      XL: |  1  2  3 |
---------------+----------+-----
Fighting       | 5 6 |  6.1
Axes           | 6 8 |  8.0
Armour         | |  3.4
Shields        | |  3.4

Action                   || total
-------------------------++-------
Melee: War axe           ||    36
  Use: Scroll            ||     3
       Potion            ||     1
Armor: Scale mail        ||    11
Dodge: Dodged            ||    16

Table legend:
 A = Non-vault XP
 B = Vault XP
 C = Vault XP percentage of total XP
 D = Non-vault monster count
 E = Vault monster count
 F = Vault count percentage of total count
                 A         B        C        D         E       F
            +---------+---------+-------+---------+---------+-------
      Total |       0 |      76 | 100.0 |       0 |       5 | 100.0
            +---------+---------+-------+---------+---------+-------
          D |       0 |      76 | 100.0 |       0 |       5 | 100.0
            +---------+---------+-------+---------+---------+-------
